AoeStats
← K

Arena

510151719Analyzed
4v4 RM · 3d ago on Sep 29, 2026· 56m 29s· 8 players
Game mode
Random Map
Map size
Large (8 player)
Population
200
Speed
Normal
Resources
Standard
Victory
Conquest
Starting age
Dark Age
Ending age
Imperial Age
RankedLock teamsTeams togetherTeam positionsShared explorationLock speedFull tech treeHidden civsTurbo modeCheats
Victory
Defeat
🇨🇳 Burgundians · China
1151
+12
🇨🇳 Jurchens · China
1095
+14
🇬🇧 Teutons · United Kingdom
1087
+15
🇨🇳 Japanese · China
958
+21
🇹🇷 Koreans · Türkiye
1063
-15
🇹🇼 Franks · Taiwan
1063
-16
🇹🇼 Malay · Taiwan
1063
-16
🇪🇸 Romans · Spain
1048
-15
hello
10:55 Feudal Age
14:16 Castle Age
13:38 Double-Bit Axe
14:18 Loom
Fenrir
2:33 Loom
10:36 Feudal Age
12:07 Wheelbarrow
11:19 Double-Bit Axe
11:16 Horse Collar
17:13 Gold Mining
17:48 Stone Mining
21:35 Castle Age
21:07 Fletching
21:37 Scale Mail Armor
21:48 Forging
22:41 Bow Saw
22:46 Heavy Plow
22:45 Bodkin Arrow
23:30 Stone Shaft Mining
23:53 Gold Shaft Mining
23:59 Iron Casting
23:43 Chain Mail Armor
25:18 Squires
24:42 Man-at-Arms
24:45 Pikeman
25:11 Arson
31:41 Hand Cart
31:29 Eupseong
35:46 Imperial Age
35:57 Fortified Wall
35:48 Man-at-Arms
35:54 Halberdier
37:06 Plate Mail Armor
37:12 Masonry
37:52 Conscription
37:55 Bracer
39:19 Two-Man Saw
41:39 Chemistry
41:11 Architecture
40:38 Murder Holes
40:39 Elite Skirmisher
42:17 Ballistics
vargasibanezantonio
13:24 Feudal Age
14:14 Double-Bit Axe
14:11 Horse Collar
17:21 Castle Age
15:35 Stone Mining
16:32 Gold Mining
19:25 Bow Saw
19:17 Heavy Plow
19:55 Gold Shaft Mining
21:42 Town Watch
22:32 Wheelbarrow
blueberry
0:38 Loom
12:36 Feudal Age
19:33 Castle Age
YuangXue
10:48 Feudal Age
12:08 Double-Bit Axe
12:21 Horse Collar
15:00 Castle Age
12:57 Horse Collar
16:10 Bow Saw
18:16 Wheelbarrow
20:58 Gold Mining
23:40 Hand Cart
23:57 Scale Barding Armor
24:02 Forging
24:59 Gold Shaft Mining
31:16 Imperial Age
32:50 Guard Tower
32:44 Treadmill Crane
32:55 Guard Tower
33:44 Stone Mining
35:25 Stone Shaft Mining
36:16 Keep
36:02 Ballistics
36:44 Chemistry
35:29 Arrowslits
35:49 Siege Engineers
35:54 Fletching
36:39 Masonry
36:33 Loom
37:57 Fortified Wall
37:42 Murder Holes
37:43 Bodkin Arrow
39:14 Bracer
39:16 Fortified Bastions
41:17 Hoardings
42:44 Architecture
45:34 Guilds
47:32 Caravan
49:51 Chain Barding Armor
50:07 Iron Casting
49:32 Scale Mail Armor
SAOWEN
3:17 Double-Bit Axe
6:05 Horse Collar
11:46 Feudal Age
15:41 Castle Age
14:25 Bow Saw
14:17 Heavy Plow
15:54 Wheelbarrow
16:12 Light Cavalry
20:41 Hand Cart
20:52 Gold Mining
24:06 Gold Shaft Mining
24:04 Squires
24:24 Arson
25:06 Scale Mail Armor
25:16 Forging
25:32 Loom
28:49 Imperial Age
26:10 Loom
27:38 Chain Mail Armor
27:58 Iron Casting
28:42 Stone Mining
29:30 Fervor
29:05 Cavalier
30:18 Plate Mail Armor
30:48 Blast Furnace
29:13 Capped Ram
31:20 Chemistry
32:30 Paladin
33:11 Husbandry
33:19 Scale Barding Armor
33:15 Padded Archer Armor
34:32 Ballistics
34:25 Masonry
34:13 Murder Holes
34:31 Guilds
35:20 Chain Barding Armor
35:18 Leather Archer Armor
34:27 Hussar
35:46 Devotion
37:50 Burgundian Vineyards
38:07 Conscription
38:26 Hoardings
42:02 Architecture
41:14 Treadmill Crane
48:18 Crop Rotation
48:50 Two-Man Saw
48:31 Stone Shaft Mining
49:51 Caravan
50:21 Coinage
51:33 Plate Barding Armor
51:41 Fletching
53:03 Spies/Treason
Youduo
13:45 Feudal Age
14:36 Double-Bit Axe
14:33 Horse Collar
16:00 Wheelbarrow
15:20 Gold Mining
21:44 Castle Age
20:30 Stone Mining
22:36 Bow Saw
22:31 Heavy Plow
24:49 Gold Shaft Mining
26:14 Murder Holes
25:59 Treadmill Crane
26:36 Fletching
27:21 Masonry
28:30 Squires
28:17 Gambesons
28:20 Arson
28:59 Hand Cart
30:57 Forging
31:01 Herbal Medicine
34:21 Imperial Age
34:44 Ballistics
35:01 Iron Casting
34:29 Scale Mail Armor
34:56 Bodkin Arrow
35:41 Kataparuto
35:41 Conscription
37:02 Blast Furnace
37:05 Chemistry
37:08 Siege Engineers
38:33 Two-Man Saw
38:52 Bracer
39:09 Chain Mail Armor
39:38 Capped Ram
39:44 Elite Samurai
41:37 Plate Mail Armor
42:12 Man-at-Arms
42:53 Long Swordsman
43:46 Two-Handed Swordsman
47:36 Champion
K
10:49 Feudal Age
15:47 Castle Age
13:42 Double-Bit Axe
18:00 Bow Saw
17:31 Horse Collar
22:00 Gold Mining
22:48 Heavy Plow
31:02 Imperial Age
28:18 Loom
29:08 Wheelbarrow
28:19 Town Watch
28:41 Stone Mining
29:24 Forging
29:16 Scale Mail Armor
29:21 Scale Barding Armor
29:07 Fletching
29:17 Padded Archer Armor
30:35 Stone Shaft Mining
31:43 Hand Cart
33:45 Crop Rotation
34:17 Two-Man Saw
33:54 Iron Casting
33:34 Chain Mail Armor
33:39 Chain Barding Armor
33:16 Bodkin Arrow
33:36 Leather Archer Armor
33:23 Caravan
33:54 Coinage
33:34 Guilds
33:47 Conscription
33:48 Ironclad
33:54 Ballistics
35:17 Chemistry
34:08 Heated Shot
34:27 Siege Engineers
34:40 Town Patrol
35:05 Masonry
35:05 Fortified Wall
35:45 Sanctity
35:25 Devotion
35:37 Redemption
35:27 Atonement
35:38 Fervor
35:43 Block Printing
35:54 Illumination
35:17 Arrowslits
35:23 Guard Tower
37:02 Cavalier
37:54 Bloodlines
37:07 Pikeman
37:07 Man-at-Arms
37:48 Squires
37:34 Arson
37:36 Gambesons
37:15 Elite Skirmisher
37:15 Crossbowman
37:21 Capped Ram
39:37 Blast Furnace
39:07 Plate Mail Armor
39:13 Plate Barding Armor
39:09 Ring Archer Armor
40:17 Plate Barding Armor
40:14 Banking
40:06 Heresy
40:23 Theocracy
40:30 Keep
39:23 Long Swordsman
41:43 Paladin
42:37 Halberdier
42:38 Two-Handed Swordsman
42:40 Heavy Mounted Crossbowman
42:55 Onager
44:27 Hoardings
45:12 Elite Teutonic Knight
46:12 Crenellations
45:24 Sappers
46:09 Clinker Construction
46:09 Careening
47:50 Faith
48:02 Carvel Hull
47:32 Heated Shot
47:12 Heavy Scorpion
47:25 Champion
54:17 Siege Onager
54:54 Heated Shot
55:25 Bombard Tower
55:11 Siphons
Connection lost

Rejoining the realm…

Still unreachable

The connection could not be restored.

Session expired

The server has moved on; the page needs a fresh start.